 Dungeon Crawl Stone Soup version bcrawl-1.37.2 (webtiles) character file.

Game seed: 17825691149553744665

196258 feta the Cudgeler (level 7, -10/77 HPs)
             Began as an Ent Sloth Apostle on Nov 12, 2022.
             Was an Elder of Cheibriados.
             Killed from afar by a gargoyle (12 damage)
             ... with a stone arrow
             ... on level 5 of the Dungeon.
             The game lasted 00:14:30 (4863 turns).

feta the Cudgeler (Ent Sloth Apostle)               Turns: 4863, Time: 00:14:30

Health: -10/77     AC: 14    Str: 29    XL:     7   Next: 63%
Magic:  22/22      EV:  6    Int: 25    God:    Cheibriados [****..]
Gold:   408        SH: 10    Dex: 19    Spells: 13/14 levels left

rFire    . . .     GDR:     37% h - +0 whip (flame)
rCold    . . .     SeeInvis .   b - +0 medium shield
rNeg     + + +     Gourm    .   (armour unavailable)
rPois    +         Faith    .   (helmet restricted)
rElec    .         Spirit   .   (no cloak)
rCorr    .         Reflect  .   (gloves unavailable)
MR       .....     Clarity  +   (boots unavailable)
Stlth    +++.......             (no amulet)
HPRegen  0.22/turn              B - ring of magical power
MPRegen  0.18/turn              p - ring of wizardry

@: very slow
A: large, slow actions, passwall, strong branches, negative energy resistance 3,
poison resistance, slow metabolism 1, torment resistance, unbreathing, AC +14
a: Passwall, Bend Time, Defer, Temporal Distortion, Renounce Religion


You were on level 5 of the Dungeon.
You worshipped Cheibriados.
Cheibriados was greatly pleased with you.
You were not hungry.

You visited 1 branch of the dungeon, and saw 5 of its levels.

You collected 408 gold pieces.

Inventory:

Hand Weapons
 a - a +0 mace
 h - a +0 whip of flaming (weapon)
 j - a +0 blowgun
 u - a +0 flail
 z - a cursed -1 hand axe
Missiles
 g - 226 bolts
 k - 622 arrows
 l - 620 sling bullets
 m - 1484 stones
 s - 227 poisoned needles
 w - 145 poisoned tomahawks (quivered)
Armour
 b - a +0 medium shield (worn)
Jewellery
 o - an uncursed ring of fire
 p - a ring of wizardry (right hand)
 B - a ring of magical power (left hand)
Wands
 c - a wand of paralysis (4)
 d - a wand of polymorph (2)
Scrolls
 i - a scroll of immolation {unknown}
 n - a scroll of remove curse
 r - a scroll of enchant armour {unknown}
Potions
 f - 3 potions of mutation
 q - 2 potions of curing
 t - a potion of heal wounds
 v - a potion of flight
 x - a potion of might {unknown}
 y - a potion of haste {unknown}
Comestibles
 e - 4 rations {!d}


   Skills:
 + Level 4.5 Fighting
 + Level 5.0 Maces & Flails
 + Level 1.3 Throwing
 - Level 3.6 Stealth
 + Level 3.4 Shields
 + Level 4.1 Spellcasting
 - Level 2.0 Hexes
 + Level 4.2 Invocations
 - Level 0.8 Evocations


You had 13 spell levels left.
You knew the following spells:

 Your Spells              Type           Power        Failure   Level  Hunger
a - Slow                  Hex            ###.....     9%          1    None
Your spell library was empty.

Dungeon Overview and Level Annotations

Branches:
Dungeon (5/12)
 Temple: D:4-7

Altars:
Lugonu
Ru
Zin


Innate Abilities, Weirdness & Mutations

You move and act slowly.
You can pass through walls and trees.
Your branches can wield two-handed weapons with a shield.
Your thick bark is tough. (AC +14)
You are too large for most types of armour.
You are immune to negative energy. (rN+++)
Your system is resistant to poisons. (rPois)
You have a slow metabolism.
You are immune to unholy pain and torment.
You can survive without breathing.


Message History

* * * LOW HITPOINT WARNING * * *
You block the gargoyle's attack.
You hit the gargoyle. You burn the gargoyle.
The gargoyle is severely damaged.
The gargoyle hits you with a +0 flail!
* * * LOW HITPOINT WARNING * * *
You hit the gargoyle but do no damage.
The gargoyle is severely damaged.
You block the gargoyle's attack.
You hit the gargoyle but do no damage.
The gargoyle is severely damaged.
The gargoyle hurls a stone arrow at you.
You block the stone arrow.
You hit the gargoyle but do no damage.
The gargoyle is severely damaged.
The gargoyle hits you with a +0 flail!
* * * LOW HITPOINT WARNING * * *
The gargoyle hurls a stone arrow at you.
The stone arrow hits you!
You die...

..(. +....^# #######..#
.....#.....# #.........
.....+.....####.......[.
.....###.......)........
........#######.........
.#......# #.........
#......# #.........
#......# #.........
#.....@# .........#.
#.....9# .........#.
#......# ..........#.
.....?..+ .......#.
.#......# ..... #.
#......# #. +.......
#....!.#


You could see a gargoyle.

Vanquished Creatures
  An ogre (D:5)
  2 kobold brigands (D:3)
  2 orc priests (D:4)
  A bullfrog zombie (D:5)
  An orc wizard (D:4)
  2 hounds
  Ijyb (D:3)
  Jessica (D:3)
  Natasha (thrice) (D:4)
  2 worker ants
  Robin (D:3)
  5 adders
  6 gnolls
  3 worms
  2 dart slugs
  3 leopard geckos
  7 orcs
  5 giant cockroaches
  4 goblins
  8 hobgoblins
  3 jackals
  43 kobolds
  3 quokkas
  4 bats
  3 frilled lizards
  A quokka skeleton (D:4)
  2 rats
119 creatures vanquished.

Notes
Turn   | Place    | Note
-------+----------+-------------------------------------------
     0 | D:1      | feta the Ent Sloth Apostle began the quest for the Orb.
     0 | D:1      | Reached XP level 1. HP: 22/22 MP: 2/2
   195 | D:1      | Reached XP level 2. HP: 32/32 MP: 2/4
   510 | D:1      | Reached skill level 1 in Invocations
   777 | D:2      | Reached XP level 3. HP: 28/39 MP: 5/5
   782 | D:2      | Reached skill level 3 in Maces & Flails
   783 | D:2      | Found a glowing silver altar of Zin.
   914 | D:2      | Found a corrupted altar of Lugonu.
   987 | D:2      | Reached * piety under Cheibriados
  1860 | D:3      | Noticed Robin
  1865 | D:3      | Killed Robin
  1933 | D:3      | Noticed Jessica
  1953 | D:3      | Reached XP level 4. HP: 21/49 MP: 7/7
  2199 | D:3      | Killed Jessica
  2200 | D:3      | Reached XP level 5. HP: 56/57 MP: 8/8
  2273 | D:3      | Reached ** piety under Cheibriados
  2571 | D:3      | Noticed Ijyb
  2593 | D:3      | Killed Ijyb
  2916 | D:3      | Reached skill level 4 in Maces & Flails
  2916 | D:3      | Reached XP level 6. HP: 42/67 MP: 10/10
  3038 | D:3      | Reached *** piety under Cheibriados
  3734 | D:4      | Found a sacrificial altar of Ru.
  3885 | D:4      | Noticed Natasha
  3891 | D:4      | Killed Natasha
  3891 | D:4      | Reached **** piety under Cheibriados
  3892 | D:4      | Reached XP level 7. HP: 73/75 MP: 12/12
  3918 | D:4      | Noticed Natasha
  3921 | D:4      | Killed Natasha
  3962 | D:4      | Noticed Natasha
  3967 | D:4      | Killed Natasha
  4232 | D:4      | Reached skill level 1 in Throwing
  4508 | D:5      | Entered Level 5 of the Dungeon
  4811 | D:5      | Reached skill level 5 in Maces & Flails
  4843 | D:5      | Noticed a gargoyle
  4863 | D:5      | HP: 2/77 [gargoyle/+0 flail (8)]
  4863 | D:5      | Killed from afar by a gargoyle

Skill      XL: |  1  2  3  4  5  6  7 |
---------------+----------------------+-----
Invocations    | 1 2 3 4 |  4.2
Maces & Flails | 3 4 5 |  5.0
Shields        | 2 3 |  3.4
Spellcasting   | 2 3 4 |  4.1
Fighting       | 3 4 |  4.5
Throwing       | 1 |  1.3
Stealth        | |  3.6
Hexes          | |  2.0
Evocations     | |  0.8

Action                   |  1- 3 |  4- 6 |  7- 9 || total
-------------------------+-------+-------+-------++-------
Melee: Mace              |    96 |   194 |       ||   290
       Whip              |       |   134 |    79 ||   213
Throw: Tomahawk          |       |     1 |    15 ||    16
 Abil: Passwall          |     2 |       |       ||     2
Evoke: Wand              |       |     6 |       ||     6
  Use: Potion            |     1 |     1 |       ||     2
       Scroll            |       |     6 |     2 ||     8
 Stab: Sleeping          |     6 |     4 |     1 ||    11
  Eat: Chunk             |     5 |     8 |     4 ||    17
       Ration            |       |     2 |     1 ||     3
Armor: Skin              |    86 |   299 |    44 ||   429
Dodge: Dodged            |    49 |   145 |    19 ||   213
Block: Medium shield     |    63 |   287 |    39 ||   389
